 Dungeon Crawl Stone Soup version 0.20.0-15-g7f486f2 (webtiles) character file.

167 Cral the Purveyor of Pain (level 5, -4/35 HPs)
             Began as a Demonspawn Necromancer on June 21, 2017.
             Was an Initiate of Kikubaaqudgha.
             Slain by a howler monkey (7 damage)
             ... on level 4 of the Dungeon.
             The game lasted 00:06:45 (3373 turns).

Cral the Purveyor of Pain (Demonspawn Necromancer)  Turns: 3373, Time: 00:06:46

Health: -4/35      AC:  5    Str:  8    XL:     5   Next: 23%
Magic:  0/10       EV: 12    Int: 18    God:    Kikubaaqudgha [......]
Gold:   193        SH:  0    Dex: 13    Spells: 7/11 levels left

rFire    . . .     SeeInvis .   l - +4 quarterstaff (chaos)
rCold    . . .     Gourm    +   (shield currently unavailable)
rNeg     . . .     Faith    .   a - +0 robe
rPois    +         Spirit   +   (no helmet)
rElec    .         Reflect  .   m - +2 cloak {rPois}
rCorr    .         Harm     .   (no gloves)
MR       .....                  (no boots)
Stlth    ++........             r - amulet of the gourmand
Regen    0.2/turn               (no ring)
MPRegen  0.2/turn               s - ring of wizardry

@: no status effects
A: talons 1, powered by pain 1, magic shield
a: Renounce Religion


You were on level 4 of the Dungeon.
You worshipped Kikubaaqudgha.
Kikubaaqudgha was noncommittal.
You were hungry.

You visited 1 branch of the dungeon, and saw 4 of its levels.

You collected 193 gold pieces.

Inventory:

Hand Weapons
 l - a +4 quarterstaff of chaos (weapon)
 t - a +0 whip
Armour
 a - a +0 robe (worn)
 m - a +2 cloak of poison resistance (worn)
Jewellery
 r - an amulet of the gourmand (around neck)
 s - a ring of wizardry (right hand)
Scrolls
 d - a scroll of teleportation {unknown}
 i - a scroll of enchant armour {unknown}
 j - a scroll of remove curse
 k - 2 scrolls of enchant weapon {unknown}
 n - a scroll of identify {unknown}
 p - a scroll of random uselessness {unknown}
Potions
 e - a potion of might {unknown}
 f - a potion of heal wounds {unknown}
 g - a potion of flight {unknown}
 h - a potion of resistance {unknown}
 q - 2 potions of mutation {unknown}
Books
 b - a book of Necromancy

   Spells                             Type                      Level
   a - Pain                           Necromancy                   1
   b - Animate Skeleton               Necromancy                   1
   c - Vampiric Draining              Necromancy                   3
   d - Regeneration                   Charms/Necromancy            3
   e - Animate Dead                   Necromancy                   4
   f - Control Undead                 Necromancy                   4
Comestibles
 c - 3 bread rations


   Skills:
 - Level 0.2 Fighting
 - Level 2.0 Dodging
 - Level 1.8 Stealth
 + Level 3.6 Spellcasting
 + Level 5.9 Necromancy


You had 7 spell levels left.
You knew the following spells:

 Your Spells              Type           Power        Failure   Level  Hunger
a - Pain                  Necr           ###.         1%          1    None
b - Vampiric Draining     Necr           ###.......   1%          3    ###....


Dungeon Overview and Level Annotations

Branches:
Dungeon (4/15)
 Temple: D:4-7

Altars:
Kikubaaqudgha


Innate Abilities, Weirdness & Mutations

You have sharp toenails.
You sometimes gain a little power by taking damage.
When hurt, damage is shared between your health and your magic reserves.


Message History

The leopard gecko barely misses you. The orc hits you with a short sword.
The leopard gecko bites you but does no damage.
The howler monkey closely misses you. The orc hits you with a short sword.
The phantom hits you!
* * * LOW HITPOINT WARNING * * *
The phantom blinks!
The howler monkey hits you.
* * * LOW HITPOINT WARNING * * *
The leopard gecko bites you but does no damage.
The orc closely misses you. The howler monkey closely misses you.
The leopard gecko closely misses you. The howler monkey closely misses you.
The leopard gecko bites you but does no damage.
The orc misses you. The howler monkey hits you.
* * * LOW HITPOINT WARNING * * *
The leopard gecko closely misses you. The orc hits you with a short sword.
The phantom blinks!
The howler monkey hits you!
You die...
Kikubaaqudgha rasps: "You have failed me!
Welcome... death!"

#.# #.# #.......
#.#####......
#.#... .....#
#.#.## ....#
#....## #...#
##[....###...####
#..........l....#
#..........@....#
#.........oh§...#
##.....###....###
##...## #....W..
##.## #.....##
#.# ##.#..# #.
#.#..# #.#..#


You could see a phantom, a howler monkey, an orc and a leopard gecko.

Vanquished Creatures
  A howler monkey (D:4)
  Crazy Yiuf (D:2)
  4 adders
  An ooze (D:1)
  A worm (D:2)
  A dart slug (D:2)
  A leopard gecko (D:1)
  An orc (D:3)
  6 bats
  A giant cockroach (D:3)
  7 goblins
  5 hobgoblins
  6 jackals
  3 frilled lizards
  8 kobolds
  4 rats (D:2)
51 creatures vanquished.

Vanquished Creatures (others)
  A human (D:3)
1 creature vanquished.

Grand Total: 52 creatures vanquished

Notes
Turn   | Place    | Note
-------+----------+-------------------------------------------
     0 | D:1      | Cral the Demonspawn Necromancer began the quest for the Orb.
     0 | D:1      | Reached XP level 1. HP: 13/13 MP: 3/3
   169 | D:1      | Gained mutation: When hurt, damage is shared between your health and your magic reserves. [demonic ancestry]
   169 | D:1      | Reached XP level 2. HP: 12/19 MP: 0/5
   575 | D:1      | Reached skill level 5 in Necromancy
   943 | D:1      | Reached XP level 3. HP: 23/24 MP: 3/6
  1235 | D:2      | Learned a level 3 spell: Vampiric Draining
  1517 | D:2      | Found a runed door.
  1602 | D:2      | Gained mutation: You sometimes gain a little power by taking damage. [demonic ancestry]
  1602 | D:2      | Reached XP level 4. HP: 28/30 MP: 4/8
  2171 | D:2      | Noticed Crazy Yiuf
  2175 | D:2      | Killed Crazy Yiuf
  2767 | D:3      | Found an ancient bone altar of Kikubaaqudgha.
  2768 | D:3      | Noticed a human
  2770 | D:3      | Killed a human
  2803 | D:3      | Became a worshipper of Kikubaaqudgha
  3266 | D:4      | Gained mutation: You have sharp toenails. [demonic ancestry]
  3266 | D:4      | Reached XP level 5. HP: 32/35 MP: 4/10
  3363 | D:4      | Noticed a phantom
  3373 | D:4      | Slain by a howler monkey

Skill      XL: |  1  2  3  4 |
---------------+-------------+-----
Necromancy     | 5 |  5.9
Spellcasting   | 3 |  3.6
Dodging        | 2 |  2.0
Fighting       | |  0.2
Stealth        | |  1.8

Action                   |  1- 3 |  4- 6 || total
-------------------------+-------+-------++-------
Melee: Quarterstaff      |       |     1 ||     1
 Cast: Pain              |    66 |    54 ||   120
  Use: Scroll            |       |     1 ||     1
  Eat: Chunk             |     2 |     5 ||     7
Armor: Robe              |     1 |    20 ||    21
Dodge: Dodged            |    15 |    48 ||    63
